Map: Shrines of Lizul

Players

alienbest - Winner!

  • Race: Protoss Protoss
  • Spawn Location: 3:00

PureLegacy - Winner!

  • Race: Terran Terran
  • Spawn Location: 12:00

KuVuTuNe

  • Race: Protoss Protoss
  • League: Diamond
  • Spawn Location: 9:00

IIIIIIIIIIII

  • Race: Protoss Protoss
  • Spawn Location: 6:00

VOD

Have the link to the VOD?

Description

Time

  • Played on: Nov. 23, 2018, 9:39 a.m.
  • Length: 9:55
Show
View Real Time Build Order
Export as new Build Order

alienbest Protoss - Winner!

Build Orders:  

Get SALT Encoding   

  1  0:00  Probe  
  12  0:06  Probe  
  14  0:21  Probe, Pylon  
  15  0:38  Assimilator  
  15  0:39  Probe  
  16  0:51  Probe  
  16  0:54  Gateway  
  17  1:03  Probe  
  18  1:07  Assimilator  
  18  1:14  Probe  
  19  1:19  Pylon  
  19  1:22  Probe  
  19  1:30  Probe  
  21  1:42  Probe, Cybernetics Core  
  22  1:57  Probe  
  23  2:13  Gateway  
  23  2:18  Forge  
  23  2:22  Pylon  
  23  2:46  Gateway  
  23  2:51  Photon Cannon, Probe  
  23  2:56  Photon Cannon  
  24  3:02  Photon Cannon  
  24  3:04  Pylon  
  24  3:21  Pylon  
  24  3:42  Photon Cannon  
  24  3:47  Cybernetics Core  
  24  4:13  Photon Cannon  
  23  4:17  Photon Cannon  
  18  4:34  Probe  
  14  4:42  Probe  
  11  4:50  Probe  
  13  5:00  Probe  
  14  5:13  Probe  
  15  5:22  Probe  
  16  5:30  Probe  
  17  5:39  Probe  
  18  5:51  Probe  
  19  6:03  Probe  
  20  6:15  Robotics Facility  
  20  6:23  Robotics Facility  
  20  6:43  Probe  
  21  6:51  Probe  
  21  6:53  Immortal  
  21  7:01  Immortal, Probe  
  31  7:39  Immortal  
  31  7:40  Immortal  
  31  7:41  Warp Gate  
  39  7:59  Gateway  
  39  9:22  Nexus  
Show
View Real Time Build Order
Export as new Build Order

PureLegacy Terran - Winner!

Build Orders: Gas First Reaper Expand 

Get SALT Encoding   

  12  0:01  SCV  
  13  0:13  SCV  
  14  0:18  Supply Depot  
  14  0:25  SCV  
  15  0:33  Refinery  
  15  0:40  SCV  
  16  0:50  Barracks  
  16  0:55  SCV  
  17  1:07  SCV  
  18  1:21  SCV  
  19  1:37  Orbital Command  
  19  1:38  Reaper  
  20  1:58  Command Center  
  20  2:04  SCV  
  21  2:12  Barracks Reactor  
  21  2:17  Supply Depot  
  21  2:18  SCV  
  22  2:24  Barracks  
  22  2:35  SCV  
  23  2:40  Barracks  
  23  2:42  Supply Depot  
  23  2:47  SCV  
  23  2:50  Marine  
  23  2:51  Marine  
  25  3:01  SCV  
  26  3:08  Marine x2  
  24  3:20  SCV  
  24  3:22  Orbital Command  
  25  3:28  Marine x2, Barracks Tech Lab  
  25  3:30  Marine  
  25  3:32  SCV  
  28  3:44  SCV  
  28  3:46  Marine x2  
  31  3:48  Stimpack  
  31  3:51  SCV  
  32  3:56  SCV  
  32  4:01  Marine  
  32  4:02  Refinery, Marine  
  35  4:03  SCV  
  35  4:08  SCV  
  37  4:10  Marine x2  
  37  4:15  SCV  
  40  4:18  Engineering Bay  
  40  4:20  SCV  
  41  4:27  SCV  
  41  4:29  Factory  
  42  4:32  Marine x2  
  42  4:33  SCV  
  42  4:34  Marine  
  42  4:35  Marine  
  42  4:37  Bunker  
  47  4:39  SCV  
  48  4:45  Terran Infantry Weapons Level 1, SCV  
  48  4:46  Missile Turret  
  48  4:51  Marine x2  
  50  4:55  Supply Depot, SCV  
  50  4:59  SCV  
  53  5:07  Supply Depot  
  53  5:09  Marauder  
  54  5:15  Factory Reactor, Starport  
  54  5:25  Barracks  
  54  5:26  Supply Depot  
  54  5:28  Barracks  
  50  5:38  SCV x2  
  50  5:41  Marine x2  
  50  5:42  Barracks Reactor  
  51  5:50  SCV x2  
  51  5:51  Supply Depot  
  51  5:54  Engineering Bay  
  51  5:56  Refinery  
  53  5:57  Refinery  
  53  5:59  Marauder  
  53  6:02  SCV x2  
  53  6:03  Marine  
  53  6:04  Marine  
  58  6:08  Medivac  
  58  6:09  Medivac  
  63  6:14  SCV  
  63  6:15  SCV  
  65  6:19  Supply Depot  
  65  6:22  Barracks Reactor  
  65  6:23  Marine x4, Barracks Tech Lab  
  69  6:27  SCV x2  
  69  6:31  Supply Depot x2, Marine  
  72  6:35  Terran Infantry Armor Level 1  
  72  6:43  Armory, Marine  
  72  6:44  Marine x4  
  72  6:59  Marine x3  
  73  7:02  Marauder  
  73  7:03  Medivac  
  73  7:06  Marine x4  
  73  7:07  Concussive Shells  
  73  7:08  Combat Shield  
  81  7:19  Supply Depot  
  81  7:20  Marine x3  
  84  7:25  Command Center  
  84  7:29  SCV x2  
  86  7:32  Terran Infantry Weapons Level 2  
  86  7:41  SCV x2  
  88  7:48  Marine x3  
  88  7:49  Marine x4  
  88  7:50  Marine  
  96  7:55  Supply Depot, SCV x2  
  96  8:06  Marine x3  
  96  8:08  Marine x2  
  96  8:10  Medivac  
  96  8:12  Marine  
  99  8:29  Missile Turret  
  99  8:30  Medivac  
  100  8:40  Medivac, Marine x4  
  103  8:48  Orbital Command  
  102  9:00  SCV x2  
  104  9:12  SCV x2  
  104  9:15  Marine x5  
  104  9:16  Marine x2  
  113  9:18  Medivac x2  
  114  9:26  Marine  
  115  9:33  Barracks, Marine x5  
  115  9:34  Barracks  
  115  9:35  Barracks  
  115  9:36  Marine x2  
  115  9:37  Supply Depot  
  122  9:40  Supply Depot, SCV x2  
  122  9:41  SCV  
  122  9:43  Missile Turret  
  125  9:47  Refinery  
Show
View Real Time Build Order
Export as new Build Order

KuVuTuNe Protoss 

Build Orders:  

Get SALT Encoding   

  12  0:02  Probe  
  14  0:14  Probe  
  14  0:19  Pylon  
  14  0:26  Probe  
  15  0:38  Probe  
  15  0:41  Forge  
  16  0:49  Pylon  
  16  0:53  Probe  
  17  1:17  Pylon  
  17  1:18  Probe  
  18  1:21  Pylon  
  18  1:28  Gateway  
  18  1:35  Photon Cannon  
  18  1:41  Photon Cannon  
  18  1:48  Pylon  
  18  1:54  Probe  
  19  2:04  Photon Cannon  
  19  2:12  Photon Cannon  
  19  2:21  Photon Cannon  
  18  2:40  Cybernetics Core  
  18  2:56  Pylon  
  18  3:03  Photon Cannon  
  19  3:05  Probe  
  19  3:08  Assimilator  
  19  3:12  Assimilator  
  19  3:18  Probe  
  20  3:32  Photon Cannon  
  20  3:39  Photon Cannon  
  20  3:42  Pylon  
  20  3:46  Pylon  
  20  3:51  Probe  
  21  4:03  Probe, Pylon  
  22  4:12  Shield Battery  
  22  4:15  Probe  
  22  4:16  Pylon  
  23  4:28  Probe  
  24  4:35  Stargate  
  24  4:40  Probe  
  25  4:51  Stargate  
  25  5:02  Pylon  
  25  5:21  Nexus  
  25  5:22  Pylon  
  25  5:26  Void Ray  
  29  5:46  Void Ray, Probe  
  34  6:02  Probe  
  35  6:08  Void Ray  
  39  6:26  Probe  
  39  6:31  Void Ray  
  40  6:36  Probe  
  41  6:46  Probe  
  46  6:48  Probe  
  47  7:01  Void Ray  
  51  7:21  Probe x2  
  53  7:25  Assimilator  
  53  7:27  Void Ray, Assimilator  
  53  7:28  Forge  
  53  7:32  Pylon  
  53  7:33  Probe  
  58  7:52  Photon Cannon  
  58  7:53  Photon Cannon  
  58  7:54  Shield Battery  
Show
View Real Time Build Order
Export as new Build Order

IIIIIIIIIIII Protoss 

Build Orders: Mass Adepts 

Get SALT Encoding   

  12  0:01  Probe  
  13  0:13  Probe  
  14  0:19  Pylon  
  14  0:25  Probe  
  15  0:37  Probe  
  16  0:43  Gateway  
  16  0:52  Assimilator  
  16  0:57  Probe  
  17  1:10  Probe  
  18  1:12  Gateway  
  18  1:15  Assimilator  
  18  1:22  Probe  
  19  1:32  Cybernetics Core  
  19  1:34  Probe  
  19  1:36  Assimilator  
  20  1:43  Pylon  
  20  1:46  Probe  
  21  1:58  Probe  
  22  2:01  Adept  
  22  2:02  Adept  
  22  2:10  Probe  
  22  2:13  Warp Gate  
  27  2:19  Pylon  
  27  2:23  Adept  
  29  2:43  Adept  
  31  2:49  Gateway  
  31  3:11  Adept  
  31  3:17  Adept  
  31  3:36  Adept  
  31  3:38  Robotics Facility  
  29  4:15  Warp Prism  
  29  4:23  Adept x3  
  36  4:51  Gateway  
  32  4:57  Gateway  
  32  4:59  Pylon  
  32  5:01  Pylon  
  32  5:02  Pylon  
  32  5:06  Immortal  
  36  5:21  Adept x3  
  30  5:47  Adept x3  
  30  5:48  Adept  
  34  6:00  Twilight Council  
  34  6:04  Adept  
  34  6:08  Adept  
  38  6:11  Adept  
  40  6:21  Adept  
  42  6:47  Charge  
  26  7:04  Adept x3  
  26  7:05  Adept x2  
  32  7:14  Observer  
  33  7:34  Adept x3  
  33  7:35  Adept  
  40  7:47  Sentry  
  42  7:55  Adept x2  
  46  8:07  Adept  
  46  8:10  Adept  
  34  8:30  Zealot x2  
  26  8:50  Zealot x3  
  26  8:51  Zealot x2  
  36  9:07  Gateway  
  36  9:11  Gateway, Zealot x4  
  36  9:12  Zealot  
  46  9:32  Zealot x5  
Tags
 
Add a new tag
Caveats
  • Supply blocks, unpowered buildings, or Contaminate may cause inaccurate times.
  • Supply counts are checked every 10 seconds.